TOP OF THE 1ST |
Nassau Rockets batting - Pitching for San Francisco Bandits : LHP Manuel Rodríguez
|
Pitching: LHP Manuel Rodríguez
|
|
Batting: LHB Andrew Alvarado
|
0-0: Swinging Strike 0-1: Called Strike 0-2: Ball 1-2: Fly out, F8 (Flyball, 8RXD)
|
Batting: LHB Doug Thompson
|
0-0: Called Strike 0-1: SOLO HOME RUN (Flyball, 89XD), Distance : 423 ft
|
Batting: RHB Kenji Kudo
|
0-0: Fly out, F8 (Flyball, 8RD)
|
Batting: RHB Salvador Borbón
|
0-0: Swinging Strike 0-1: Called Strike 0-2: Ball 1-2: Strikes out swinging
|
Top of the 1st over - 1 run(s), 1 hit(s), 0 error(s), 0 left on base; Nassau 1 - San Francisco 0 |
BOTTOM OF THE 1ST |
San Francisco Bandits batting - Pitching for Nassau Rockets : RHP Luis López
|
Pitching: RHP Luis López
|
|
Batting: RHB Glenn Melican
|
0-0: Ground out 4-3 (Groundball, 6M)
|
Batting: LHB Seung-woo Yi
|
0-0: Swinging Strike 0-1: Ground out 3-1 (Groundball, 34)
|
Batting: RHB Owen Carter
|
0-0: Called Strike 0-1: Swinging Strike 0-2: Ball 1-2: Ball 2-2: Ground out 5-3 (Groundball, 56)
|
Bottom of the 1st over - 0 run(s), 0 hit(s), 0 error(s), 0 left on base; Nassau 1 - San Francisco 0 |
TOP OF THE 2ND |
Nassau Rockets batting - Pitching for San Francisco Bandits : LHP Manuel Rodríguez
|
Batting: RHB Brant Sherman
|
0-0: Ball 1-0: SINGLE (Line Drive, 4D)
|
Batting: LHB Wilson Allen
|
0-0: Called Strike 0-1: Called Strike 0-2: Strikes out looking
|
Batting: RHB Soshu Nakamura
|
0-0: Ball Brant Sherman is caught stealing 2nd base 1-0: Swinging Strike 1-1: Swinging Strike 1-2: Strikes out swinging
|
Top of the 2nd over - 0 run(s), 1 hit(s), 0 error(s), 0 left on base; Nassau 1 - San Francisco 0 |
BOTTOM OF THE 2ND |
San Francisco Bandits batting - Pitching for Nassau Rockets : RHP Luis López
|
Batting: RHB Michael Elliott
|
0-0: Called Strike 0-1: Foul Ball, location: 2F 0-2: Ball 1-2: Ball 2-2: SINGLE (Groundball, 6D)
|
Batting: LHB Anacleto Morillo
|
0-0: Fly out, F3 (Popup, 3L)
|
Batting: RHB José Hernández
|
0-0: Called Strike 0-1: Ball 1-1: Fly out, F7 (Flyball, 7S)
|
Batting: RHB Ramón Ruíz
|
0-0: Called Strike 0-1: Ball 1-1: Swinging Strike 1-2: Ball Michael Elliott is caught stealing 2nd base
|
Bottom of the 2nd over - 0 run(s), 1 hit(s), 0 error(s), 0 left on base; Nassau 1 - San Francisco 0 |
TOP OF THE 3RD |
Nassau Rockets batting - Pitching for San Francisco Bandits : LHP Manuel Rodríguez
|
Batting: LHB Juan Romero
|
0-0: Swinging Strike 0-1: Swinging Strike 0-2: Foul Ball, location: 2F 0-2: Ball 1-2: Foul Ball, location: 2F 1-2: DOUBLE (Line Drive, 89XD)
|
Batting: SHB Pepe Piña
|
0-0: Called Strike 0-1: Foul Ball, location: 2F 0-2: Strikes out looking
|
Batting: LHB Andrew Alvarado
|
0-0: Ball 1-0: Called Strike 1-1: Ball 2-1: Ground out U3 (Groundball, 34S) Juan Romero to third
|
Batting: LHB Doug Thompson
|
0-0: Ground out 5-3 (Groundball, 56S)
|
Top of the 3rd over - 0 run(s), 1 hit(s), 0 error(s), 1 left on base; Nassau 1 - San Francisco 0 |
BOTTOM OF THE 3RD |
San Francisco Bandits batting - Pitching for Nassau Rockets : RHP Luis López
|
Batting: RHB Ramón Ruíz
|
0-0: Called Strike 0-1: Ball 1-1: Ball 2-1: Ball 3-1: Called Strike 3-2: Base on Balls
|
Batting: RHB Scott Merritt
|
0-0: Ball 1-0: Foul Ball, location: 2F 1-1: Foul Ball, location: 2F 1-2: Grounds into double play, 5-4-3 (Groundball, 56)
|
Batting: RHB Raúl Bruno
|
0-0: SOLO HOME RUN (Flyball, 7LD), Distance : 358 ft
|
Batting: RHB Glenn Melican
|
0-0: Called Strike 0-1: Ball 1-1: Foul Ball, location: 2F 1-2: Foul Ball, location: 2F 1-2: Ball 2-2: Ball 3-2: Foul Ball, location: 2F 3-2: Foul Ball, location: 2F 3-2: Foul Ball, location: 2F 3-2: Foul Ball, location: 2F 3-2: Foul Ball, location: 2F 3-2: Strikes out swinging
|
Bottom of the 3rd over - 1 run(s), 1 hit(s), 0 error(s), 0 left on base; Nassau 1 - San Francisco 1 |
TOP OF THE 4TH |
Nassau Rockets batting - Pitching for San Francisco Bandits : LHP Manuel Rodríguez
|
Batting: RHB Kenji Kudo
|
0-0: Ball 1-0: Foul Ball, location: 2F 1-1: Ground out 2-3 (Groundball, 15S)
|
Batting: RHB Salvador Borbón
|
0-0: Ball 1-0: Called Strike 1-1: Ball 2-1: Foul Ball, location: 2F 2-2: Foul Ball, location: 2F 2-2: Ground out 1-3 (Groundball, 15S)
|
Batting: RHB Brant Sherman
|
0-0: Called Strike 0-1: Foul Ball, location: 2F 0-2: Ball 1-2: SOLO HOME RUN (Flyball, 9LD), Distance : 348 ft
|
Batting: LHB Wilson Allen
|
0-0: Ball 1-0: Called Strike 1-1: Ball 2-1: Fly out, F7 (Flyball, 7)
|
Top of the 4th over - 1 run(s), 1 hit(s), 0 error(s), 0 left on base; Nassau 2 - San Francisco 1 |
BOTTOM OF THE 4TH |
San Francisco Bandits batting - Pitching for Nassau Rockets : RHP Luis López
|
Batting: LHB Seung-woo Yi
|
0-0: Called Strike 0-1: Ball 1-1: Foul Ball, location: 2F 1-2: Foul Ball, location: 2F 1-2: Ball 2-2: Ball 3-2: Strikes out swinging
|
Batting: RHB Owen Carter
|
0-0: Fly out, F1 (Line Drive, 15)
|
Batting: RHB Michael Elliott
|
0-0: Ball 1-0: Ball 2-0: Ground out 6-3 (Groundball, 6)
|
Bottom of the 4th over - 0 run(s), 0 hit(s), 0 error(s), 0 left on base; Nassau 2 - San Francisco 1 |
TOP OF THE 5TH |
Nassau Rockets batting - Pitching for San Francisco Bandits : LHP Manuel Rodríguez
|
Pitching: RHP Bill Long
|
|
Batting: RHB Soshu Nakamura
|
0-0: Ball 1-0: Swinging Strike 1-1: Swinging Strike 1-2: Foul Ball, location: 2F 1-2: Foul Ball, location: 2F 1-2: Ball 2-2: Ball 3-2: Foul Ball, location: 2F 3-2: SINGLE (Flyball, 3D)
|
Batting: LHB Juan Romero
|
0-0: Called Strike 0-1: Fly out, F8 (Flyball, 8RM)
|
Batting: SHB Pepe Piña
|
0-0: DOUBLE (Flyball, 7LD) Soshu Nakamura to third
|
Batting: LHB Andrew Alvarado
|
0-0: Called Strike 0-1: Ball 1-1: Ball 2-1: Ball 3-1: Ground out 3-1 (Groundball, 23)
|
Batting: LHB Doug Thompson
|
0-0: Called Strike 0-1: Called Strike 0-2: Ball 1-2: Strikes out swinging
|
Top of the 5th over - 0 run(s), 2 hit(s), 0 error(s), 2 left on base; Nassau 2 - San Francisco 1 |
BOTTOM OF THE 5TH |
San Francisco Bandits batting - Pitching for Nassau Rockets : RHP Luis López
|
Pitching: RHP Valentín Luna
|
|
Batting: LHB Anacleto Morillo
|
0-0: Ball 1-0: Ball 2-0: Ball 3-0: Base on Balls
|
Batting: RHB José Hernández
|
0-0: Called Strike 0-1: Swinging Strike 0-2: Ball 1-2: Foul Ball, location: 2F 1-2: Strikes out looking
|
Batting: RHB Ramón Ruíz
|
0-0: Ground out 5-3 (Groundball, 56) Anacleto Morillo to second
|
Batting: RHB Scott Merritt
|
0-0: Foul Ball, location: 2F 0-1: Ground out 6-3 (Groundball, 6)
|
Bottom of the 5th over - 0 run(s), 0 hit(s), 0 error(s), 1 left on base; Nassau 2 - San Francisco 1 |
TOP OF THE 6TH |
Nassau Rockets batting - Pitching for San Francisco Bandits : RHP Bill Long
|
Batting: RHB Kenji Kudo
|
0-0: Called Strike 0-1: Ball 1-1: Fly out, F9 (Line Drive, 9D)
|
Batting: RHB Salvador Borbón
|
0-0: Called Strike 0-1: Ball 1-1: Fly out, F8 (Flyball, 8LD)
|
Batting: RHB Brant Sherman
|
0-0: Ball 1-0: Ground out 6-3 (Groundball, 6)
|
Top of the 6th over - 0 run(s), 0 hit(s), 0 error(s), 0 left on base; Nassau 2 - San Francisco 1 |
BOTTOM OF THE 6TH |
San Francisco Bandits batting - Pitching for Nassau Rockets : RHP Valentín Luna
|
Batting: RHB Raúl Bruno
|
0-0: Fly out, F8 (Flyball, 8LM)
|
Batting: RHB Glenn Melican
|
0-0: Ball 1-0: Ball 2-0: Ball 3-0: Base on Balls
|
Batting: LHB Seung-woo Yi
|
0-0: Ball 1-0: Called Strike Glenn Melican steals 2nd base 1-1: Ball 2-1: Ball 3-1: Foul Ball, location: 2F 3-2: Foul Ball, location: 2F 3-2: Base on Balls
|
Batting: RHB Owen Carter
|
0-0: Called Strike 0-1: Ball 1-1: Ball 2-1: Called Strike 2-2: Foul Ball, location: 2F 2-2: Ball 3-2: Fly out, F7 (Line Drive, 78M)
|
Batting: RHB Michael Elliott
|
0-0: Called Strike 0-1: Ball 1-1: 3-RUN HOME RUN (Flyball, 7D), Distance : 401 ft
|
Pitching: RHP José García
|
|
Batting: LHB Anacleto Morillo
|
0-0: Ball 1-0: Fly out, F8 (Flyball, 8RM)
|
Bottom of the 6th over - 3 run(s), 1 hit(s), 0 error(s), 0 left on base; Nassau 2 - San Francisco 4 |
TOP OF THE 7TH |
Nassau Rockets batting - Pitching for San Francisco Bandits : RHP Bill Long
|
Batting: LHB Wilson Allen
|
0-0: Fly out, F7 (Flyball, 7D)
|
Batting: RHB Soshu Nakamura
|
0-0: Foul Ball, location: 2F 0-1: Ball 1-1: Ground out 6-3 (Groundball, 6D)
|
Batting: LHB Juan Romero
|
0-0: Foul Ball, location: 2F 0-1: Ground out 5-3 (Groundball, 5)
|
Top of the 7th over - 0 run(s), 0 hit(s), 0 error(s), 0 left on base; Nassau 2 - San Francisco 4 |
BOTTOM OF THE 7TH |
San Francisco Bandits batting - Pitching for Nassau Rockets : RHP José García
|
Batting: RHB José Hernández
|
0-0: Called Strike 0-1: Ground out 1-3 (Groundball, 15S)
|
Batting: RHB Ramón Ruíz
|
0-0: Called Strike 0-1: SINGLE (Line Drive, 34D)
|
Batting: RHB Scott Merritt
|
0-0: Hit by Pitch Ramón Ruíz to second
|
Pinch Hitting: RHB Cory Foster
|
0-0: Called Strike 0-1: Ball 1-1: Foul Ball, location: 2F 1-2: Ball 2-2: Foul Ball, location: 2F 2-2: Ball 3-2: Fly out, F9 (Flyball, 9S)
|
Pinch Hitting: RHB Juan Mendoza
|
0-0: Foul Ball, location: 2F 0-1: Swinging Strike 0-2: Ball 1-2: Strikes out swinging
|
Bottom of the 7th over - 0 run(s), 1 hit(s), 0 error(s), 2 left on base; Nassau 2 - San Francisco 4 |
TOP OF THE 8TH |
Nassau Rockets batting - Pitching for San Francisco Bandits : RHP Bill Long
|
Now at 2B: Gerardo Escobedo
|
|
Now at SS: Jorge Díaz
|
|
Batting: SHB Pepe Piña
|
0-0: Called Strike 0-1: Ball 1-1: Foul Ball, location: 2F 1-2: Strikes out swinging
|
Pinch Hitting: LHB Don Ramey
|
0-0: Foul Ball, location: 2F 0-1: Fly out, F8 (Flyball, 8LD)
|
Batting: SHB Chris Bennis
|
0-0: Foul Ball, location: 2F 0-1: Ball 1-1: Foul Ball, location: 2F 1-2: Ground out 4-3 (Groundball, 4)
|
Top of the 8th over - 0 run(s), 0 hit(s), 0 error(s), 0 left on base; Nassau 2 - San Francisco 4 |
BOTTOM OF THE 8TH |
San Francisco Bandits batting - Pitching for Nassau Rockets : RHP José García
|
Now in RF: Don Ramey
|
|
Pinch Hitting: LHB Chris Austin
|
0-0: Ball 1-0: Ball 2-0: Called Strike 2-1: Foul Ball, location: 2F 2-2: Ball 3-2: Fly out, F8 (Flyball, 8RXD)
|
Batting: RHB Owen Carter
|
0-0: Called Strike 0-1: Foul Ball, location: 2F 0-2: Ball 1-2: Strikes out swinging
|
Pinch Hitting: LHB Alan McGilroy
|
0-0: Ground out 4-3 (Groundball, 4)
|
Bottom of the 8th over - 0 run(s), 0 hit(s), 0 error(s), 0 left on base; Nassau 2 - San Francisco 4 |
TOP OF THE 9TH |
Nassau Rockets batting - Pitching for San Francisco Bandits : RHP Bill Long
|
Pitching: RHP Mitsunari Taguchi
|
|
Now in LF: Chris Austin
|
|
Now in RF: Naomichi Aoki
|
|
Pinch Hitting: SHB Edgardo Osorio
|
0-0: SOLO HOME RUN (Flyball, 9D), Distance : 380 ft
|
Pinch Hitting: LHB Bob Martin
|
0-0: Ball 1-0: DOUBLE (Flyball, 8RXD)
|
Pinch Hitting: SHB Howard Parker
|
0-0: Called Strike 0-1: Ball 1-1: SINGLE (Groundball, 34D) Bob Martin to third
|
Pinch Hitting: RHB Rubén Matos
|
0-0: Ball 1-0: Called Strike 1-1: Ball 2-1: Foul Ball, location: 2F 2-2: Strikes out swinging
|
Pinch Hitting: RHB Yaichiro Sugahara
|
0-0: Fly out, F4 (Popup, 34D)
|
Pinch Hitting: RHB Jesús Villalobos
|
0-0: Ball 1-0: Foul Ball, location: 2F 1-1: Called Strike 1-2: Strikes out swinging
|
Top of the 9th over - 1 run(s), 3 hit(s), 0 error(s), 2 left on base; Nassau 3 - San Francisco 4 |
|